 Dungeon Crawl Stone Soup version 0.32-a0-314-g526f7d4993 (webtiles) character file.

Game seed: 11502001634600220791

5006 Ruich the Covert (level 10, 0/54 HPs)
             Began as an Octopode Shapeshifter on Feb 16, 2024.
             Was an Elder of Hepliaklqana.
             Slain by a gnoll sergeant
             ... wielding a +0 trident
              (10 damage)
             ... on level 7 of the Dungeon.
             The game lasted 00:23:03 (9215 turns).

Ruich the Covert (Octopode Shapeshifter)            Turns: 9215, Time: 00:23:04

Health: 0/54       AC:  7    Str: 19    XL:     10   Next: 54%
Magic:  16/17      EV: 13    Int: 18    God:    Hepliaklqana [****..]
Gold:   363        SH:  0    Dex: 11    Spells: 15/18 levels left

rFire   . .          .
                       - Unarmed
rCold   . . .        (no shield)
rNeg    . . .        f - +2 hood of the Assassin {Detect Stab+ Stlth++}
rPois   +            (no amulet)
rElec   .            k - ring of willpower
rCorr   +            j - ring of flight
SInv    .            t - ring of resist corrosion
Will    +....        x - +4 ring of protection
Stlth   ++++++++     E - ring of poison resistance
HPRegen 0.29/turn    I - +6 ring of intelligence
MPRegen 0.15/turn    (no ring)
                     (no ring)

%: no passive effects
@: flying
A: reduced essence, almost no armour, amphibious, 8 rings, camouflage 1,
gelatinous body 1, (nimble swimmer 1), tentacles
a: Renounce Religion, Recall Ancestor, Ancestor Identity, Transference, Idealise


You were on level 7 of the Dungeon.
You worshipped Hepliaklqana.
Hepliaklqana was greatly pleased with you.
You visited 1 branch of the dungeon, and saw 7 of its levels.

You collected 363 gold pieces.


Innate Abilities, Weirdness & Mutations

Your life essence is reduced to manifest your ancestor. (-10% HP)
You cannot wear most types of armour.
You are amphibious.
You can wear up to eight rings at the same time.
Your skin changes colour to match your surroundings (Stealth+).
Your rubbery body absorbs attacks. (AC +1, EV +1)
((You are camouflaged when in or above water. (Stealth+)))
You have tentacles for arms and can constrict up to eight enemies at once.


   Skills:
 - Level 2.2 Fighting
 - Level 2.0 Dodging
 + Level 12.5 Stealth
 - Level 4.1 Unarmed Combat
 - Level 4.6 Spellcasting
 - Level 6.8 Hexes
 + Level 8.0 Shapeshifting


You had 15 spell levels left.
You knew the following spells:

 Your Spells              Type           Power      Damage    Failure   Level
c - Confusing Touch       Hex            28%        N/A       2%          3

Your spell library contained the following spells:

 Spells                   Type           Power      Damage    Failure   Level
 Slow                     Hex            100%       N/A       1%          1
 Sigil of Binding         Hex            28%        N/A       2%          3
 Dazzling Flash           Conj/Hex       32%        N/A       11%         3
 Inner Flame              Hex/Fire       16%        N/A       11%         3
 Magic Dart               Conj           16%        1d3       14%         1
 Blink                    Tloc           8%         N/A       21%         2
 Call Imp                 Summ           8%         N/A       21%         2
 Cigotuvi's Dreadful Rot  Necr/Alch/Air  8%         N/A       21%         2
 Mercury Vapours          Alch/Air       8%         N/A       21%         2
 Scorch                   Fire           8%         2d5       21%         2
 Gell's Gravitas          Tloc           4%         N/A       38%         3
 Mephitic Cloud           Conj/Alch/Air  4%         N/A       38%         3
 Teleport Other           Tloc           4%         N/A       38%         3
 Vampiric Draining        Necr           4%         2d6       38%         3
 Volatile Blastmotes      Fire/Tloc      8%         2d10      38%         3
 Silence                  Hex/Air        8%         N/A       67%         5
 Flame Wave               Conj/Fire      4%         2d5       80%         4
 Ignite Poison            Fire/Alch      4%         N/A       80%         4
 Sticky Flame             Fire/Alch      4%         2d4       80%         4
 Arcjolt                  Conj/Air       2%         1d12      98%         5
 Curse of Agony           Necr           4%         N/A       98%         5
 Freezing Cloud           Conj/Ice/Air   2%         6-21      98%         5
 Dispersal                Tloc           2%         N/A       100%        6
 Starburst                Conj/Fire      2%         6d3       100%        6
 Summon Cactus Giant      Summ           2%         N/A       100%        6
 Maxwell's Capacitive Co  Air            2%         ∞         100%        8
 Chain Lightning          Conj/Air       2%         3d2       100%        9

Inventory:

Hand Weapons
 h - a +1 vampiric dagger
 m - a +2 antimagic dagger
Missiles
 n - 2 throwing nets {=f}
Armour
 f - the +2 hood of the Assassin (worn) {Detect Stab+ Stlth++}
   (You acquired it on level 3 of the Dungeon)

   Detect:    It allows the wearer to sense nearby creatures.
   Stab+:     It allows the wearer to make particularly effective stabbing
   attacks against helpless or unaware enemies with any weapon.
   Stlth++:   It makes you much more stealthy.
Jewellery
 j - a ring of flight (right tentacle)
 k - a ring of willpower (left tentacle)
 t - a ring of resist corrosion (on tentacle)
 x - a +4 ring of protection (on tentacle)
 E - a ring of poison resistance (on tentacle)
 I - a +6 ring of intelligence (on tentacle)
Talismans
 b - a beast talisman
 c - a flux talisman
 y - a serpent talisman
 B - a maw talisman
Wands
 i - a wand of polymorph (6)
 r - a wand of flame (27)
 s - a wand of charming (5)
 A - a wand of digging (5)
 C - a wand of acid (7)
 F - a wand of mindburst (6)
Scrolls
 g - 3 scrolls of identify {@r1}
 o - 6 scrolls of teleportation {@r2}
 q - a scroll of fear
 u - 3 scrolls of enchant weapon
 v - 2 scrolls of poison {unknown}
 D - a scroll of blinking {unknown}
 G - 3 scrolls of immolation {unknown}
Potions
 a - 3 potions of lignification
 d - a potion of heal wounds {@q2}
 e - 2 potions of invisibility
 l - 4 potions of attraction
 p - a potion of enlightenment {unknown}
 w - a potion of ambrosia {unknown}
 z - a potion of curing {unknown}
 H - a potion of brilliance {unknown}

Dungeon Overview and Level Annotations

Branches:
Dungeon (7/15)             Temple (0/1) D:7

Altars:
Ashenzari
Cheibriados
Dithmenos
Elyvilon
Fedhas
Gozag
Hepliaklqana
Okawaru
Qazlal
Sif Muna
Yredelemnul

Annotations:
D:6 Jeremiah
D:7 3 runed translucent doors, pazhot's ghost, novice MiFi; zenocrate's ghost, novice KoDe

###..+.....P#....).........#
#....+.....⌠##.####.#<.....#
#.#..+.....P . #.#.##.###
.....#...W.$ #. #.......#
###..#....ß# #.#####.#
####P⌠P(## #># .# ###### #.#
.# #####.########.# ##
#..........@.g.#####..# ß##
#.###.########.g).....# .ß#
##.###.## ###..#.#.# .ß#
#.......####### ..#
.ß###..###......... ....
ß###.....#.......(. ..... ##
#.###.#..####### #.###.# #.#
#.#..###### .# #
####.###.#......... .#


You could see a gnoll sergeant and a gnoll.


Message History

The gnoll hits you from afar with a +0 halberd!
The gnoll barely misses you.
You tentacle-slap the gnoll. You squeeze the gnoll!
You kill the gnoll!
The gnoll sergeant barely misses you. The gnoll misses you.
You bludgeon the gnoll sergeant! You grab the gnoll sergeant.
The gnoll sergeant is moderately wounded.
You constrict the gnoll sergeant.
The gnoll sergeant hits you with a +0 trident.
* * * LOW HITPOINT WARNING * * *
The gnoll closely misses you.
You tentacle-slap the gnoll sergeant but do no damage.
The gnoll sergeant is moderately wounded.
You constrict the gnoll sergeant, but do no damage.
The gnoll sergeant barely misses you. The gnoll barely misses you.
You tentacle-slap the gnoll sergeant but do no damage.
You squeeze the gnoll sergeant.
The gnoll sergeant is heavily wounded.
You constrict the gnoll sergeant, but do no damage.
The gnoll sergeant hits you with a +0 trident.
* * * LOW HITPOINT WARNING * * *
The gnoll hits you from afar with a +0 halberd!
* * * LOW HITPOINT WARNING * * *
You release your grip on the gnoll sergeant.
The gnoll sergeant barely misses you. The gnoll attacks as it pursues you!
The gnoll misses you.
The gnoll sergeant attacks as it pursues you!
The gnoll sergeant hits you from afar with a +0 trident!
You die...
Hepliaklqana delivers you to your ancestors.

Skill      XL: |  1  2  3  4  5  6  7  8  9 10 |
---------------+-------------------------------+-----
Stealth        | 1 2 4 6 7 10 12 | 12.5
Unarmed Combat | 4 |  4.1
Fighting       | 2 |  2.2
Hexes          | 1 2 4 6 |  6.8
Spellcasting   | 1 2 3 4 |  4.6
Shapeshifting  | 4 6 8 |  8.0
Dodging        | |  2.0

Action                     |  1- 3 |  4- 6 |  7- 9 | 10-12 || total
---------------------------+-------+-------+-------+-------++-------
  Melee: Unarmed           |    60 |   105 |   129 |    48 ||   342
         Constrict         |    14 |    27 |    26 |     8 ||    75
         Tentacles         |    11 |    21 |    42 |    14 ||    88
         Punch             |     1 |     3 |     3 |     3 ||    10
   Cast: Confusing Touch   |       |       |     6 |     6 ||    12
 Invoke: Recall Ancestor   |       |     1 |       |       ||     1
         Ancestor Life: He |       |     1 |       |       ||     1
  Evoke: Wand              |       |       |     2 |       ||     2
    Use: Scroll            |       |    11 |       |       ||    11
         Potion            |       |       |       |     1 ||     1
   Stab: Sleeping          |     6 |    20 |    17 |     4 ||    47
         Confused          |       |     1 |     4 |     5 ||    10
         Distracted        |       |       |     2 |     1 ||     3
 Armour: Skin              |    18 |    22 |    44 |    37 ||   121
  Dodge: Dodged            |    37 |    44 |    53 |    28 ||   162
         Form:             |     1 |     1 |       |       ||     2
         Beast             |     1 |       |       |       ||     1

Levels and vault maps discovered:
D:1:      beargit_arrival_diablo_church, layout_basic, minmay_pentomino_o2
D:2:      layout_basic, shapermc_ecumenical_altar_notcrosses,
          kennysheep_cross_room
D:3:      layout_loops_ring, nicolae_elevator_lobby_asterisk
D:4:      wad_woods_stonehenge, layout_basic, lemuel_doored_altar,
          cheibrodos_ashenzari_chains
D:5:      layout_loops_ring, mainiacjoe_overflow_chevrons,
          mainiacjoe_overflow_catwalk_spiral
D:6:      layout_basic, mainiacjoe_overflow_small_starburst,
          nicolae_overflow_squiral, grunt_decor_arrowhead, uniq_jeremiah
D:7:      nzn_winding_woodlands_medium [nzn_winding_woodlands_5x5_default,
          nzn_winding_woodlands_5x15_pockets, nzn_winding_woodlands_5x5_cross,
          nzn_winding_woodlands_5x5_perimeter,
          nzn_winding_woodlands_center_triple_pond,
          nzn_winding_woodlands_5x5_three, nzn_winding_woodlands_hourglass,
          nzn_winding_woodlands_5x15_sawtooth,
          nzn_winding_woodlands_5x5_closed_star], layout_loops_ring,
          kennysheep_mini_moat, minmay_temple_entry_statues,
          gammafunk_ghost_cemetery, sigmund_edmund_badplayer

Notes
Turn   | Place    | Note
-------+----------+-------------------------------------------
     0 | D:1      | Ruich the Octopode Shapeshifter began the quest for the
                  | Orb.
     0 | D:1      | Reached XP level 1. HP: 13/13 MP: 1/1
   371 | D:1      | Reached XP level 2. HP: 18/18 MP: 2/2
   379 | D:1      | Reached skill level 1 in Stealth
   409 | D:1      | Reached XP level 3. HP: 13/23 MP: 3/3
  1419 | D:2      | Reached skill level 2 in Stealth
  1449 | D:2      | Reached XP level 4. HP: 25/29 MP: 4/4
  1665 | D:2      | Found a faded altar of an unknown god.
  1673 | D:2      | Prayed at the altar of an unknown god.
  1673 | D:2      | Became a worshipper of Hepliaklqana the Forgotten
  1673 | D:2      | Reached * piety under Hepliaklqana
  1839 | D:2      | Reached skill level 4 in Unarmed Combat
  2148 | D:2      | Reached skill level 2 in Fighting
  2479 | D:3      | Identified a scroll of acquirement
  2479 | D:3      | Acquired the +2 hood of the Assassin {Detect Stab+ Stlth++}
  2479 | D:3      | Found the +2 hood of the Assassin {Detect Stab+ Stlth++}
  2553 | D:2      | Learned a level 3 spell: Confusing Touch
  2678 | D:3      | Reached XP level 5. HP: 30/30 MP: 5/5
  2683 | D:3      | Got Sif Muna's Omnibus of Forceful Convocation
  2730 | D:3      | Reached ** piety under Hepliaklqana
  2731 | D:3      | Remembered your ancestor Aceforod as a hexer
  2910 | D:3      | Reached skill level 3 in Stealth
  3182 | D:3      | You are sucked into a shaft and drop 1 floor!
  3189 | D:4      | Found a broken altar of Ashenzari.
  3674 | D:4      | Reached skill level 1 in Hexes
  3704 | D:4      | Reached skill level 4 in Stealth
  3704 | D:4      | Reached skill level 1 in Spellcasting
  3704 | D:4      | Reached XP level 6. HP: 35/35 MP: 5/7
  4002 | D:4      | Found a white marble altar of Elyvilon.
  4066 | D:4      | Reached skill level 5 in Stealth
  4164 | D:4      | Found a shimmering blue altar of Sif Muna.
  4218 | D:4      | Reached skill level 2 in Hexes
  4656 | D:5      | Entered Level 5 of the Dungeon
  4911 | D:5      | Reached skill level 6 in Stealth
  4911 | D:5      | Reached skill level 2 in Spellcasting
  4911 | D:5      | Reached XP level 7. HP: 28/40 MP: 8/10
  4984 | D:5      | Reached *** piety under Hepliaklqana
  5023 | D:5      | Reached skill level 3 in Hexes
  5298 | D:5      | Found a blossoming altar of Fedhas.
  5302 | D:5      | Found a snail-covered altar of Cheibriados.
  5365 | D:5      | Reached skill level 4 in Hexes
  5367 | D:5      | Reached skill level 3 in Spellcasting
  5370 | D:5      | Reached XP level 8. HP: 39/45 MP: 12/12
  5379 | D:5      | Reached skill level 5 in Hexes
  5390 | D:5      | Found a shadowy altar of Dithmenos.
  5600 | D:5      | Reached skill level 4 in Spellcasting
  5600 | D:5      | Reached skill level 6 in Hexes
  6050 | D:6      | Noticed a two-headed ogre
  6678 | D:6      | Reached skill level 4 in Shapeshifting
  6699 | D:6      | Reached skill level 7 in Stealth
  6699 | D:6      | Reached XP level 9. HP: 48/48 MP: 16/16
  6824 | D:6      | Noticed Jeremiah
  6854 | D:6      | Found a stormy altar of Qazlal.
  6912 | D:6      | Killed a two-headed ogre
  6913 | D:6      | Reached skill level 9 in Stealth
  6913 | D:6      | Reached skill level 5 in Shapeshifting
  7156 | D:6      | Found an opulent altar of Gozag.
  7159 | D:6      | Found an iron altar of Okawaru.
  7720 | D:7      | Reached **** piety under Hepliaklqana
  7878 | D:7      | Reached skill level 6 in Shapeshifting
  7909 | D:7      | Reached skill level 10 in Stealth
  7925 | D:7      | Noticed a hornet
  7935 | D:7      | Killed a hornet
  7936 | D:7      | Reached XP level 10. HP: 39/54 MP: 17/17
  8123 | D:7      | Found a staircase to the Ecumenical Temple.
  8182 | D:7      | Reached skill level 11 in Stealth
  8334 | D:7      | Found a basalt altar of Yredelemnul.
  8415 | D:7      | Found a runed translucent gate.
  8416 | D:7      | Found a runed translucent gate.
  8416 | D:7      | Found a runed translucent gate.
  8417 | D:7      | Noticed pazhot's ghost (novice MiFi)
  8418 | D:7      | Noticed zenocrate's ghost (novice KoDe)
  8503 | D:7      | Reached skill level 7 in Shapeshifting
  8795 | D:7      | Noticed a two-headed ogre
  8812 | D:7      | Noticed a deep elf pyromancer
  8822 | D:7      | HP: 2/54 [two-headed ogre/+0 giant spiked club (25)]
  8822 | D:7      | Killed a two-headed ogre
  8823 | D:7      | Reached skill level 12 in Stealth
  8826 | D:7      | Killed a deep elf pyromancer
  8827 | D:7      | Reached skill level 8 in Shapeshifting
  9215 | D:7      | Slain by a gnoll sergeant

Vanquished Creatures
  A two-headed ogre (D:6)
  A deep elf pyromancer (D:7)
  A steam dragon (D:7)
  A sky beast (D:7)
  An ice beast (D:5)
  2 black bears
  2 ogres
  2 centaurs
  A phantom (D:5)
  2 scorpions
  A bullfrog (D:7)
  4 wights (D:7)
  4 killer bees (D:7)
  An electric eel (D:6)
  A howler monkey (D:6)
  6 jellies
  3 hounds (D:5)
  2 bombardier beetles (D:5)
  2 orc wizards (D:6)
  A sleepcap (D:7)
  3 iguanas
  8 gnolls
  A hexer (D:6)
  7 adders
  3 shadow imps (D:7)
  A white imp (D:7)
  2 ufetubi (D:5)
  A dart slug (D:1)
  A ribbon worm (D:2)
  5 orcs
  7 ball pythons
  7 endoplasms
  3 giant cockroaches
  4 goblins
  7 hobgoblins
  3 jackals (D:2)
  10 kobolds
  5 quokkas
  4 bats
  3 frilled lizards (D:2)
  7 rats
131 creatures vanquished.

Vanquished Creatures (collateral kills)
  A two-headed ogre (D:7)
  A hornet (D:7)
  A sky beast (D:7)
  An ogre (D:5)
  A centaur (D:7)
  A kobold brigand (D:6)
  4 scorpions
  A howler monkey (D:7)
  2 jellies
  An iguana (D:4)
  2 hounds (D:5)
  2 sleepcaps
  An orc wizard (D:4)
  An adder (D:4)
  A shadow imp (D:6)
  2 orcs
  An endoplasm (D:4)
  2 hobgoblins
  3 kobolds (D:6)
  A quokka (D:4)
30 creatures vanquished.

Vanquished Creatures (others)
  A hexer (D:6)
1 creature vanquished.

Grand Total: 162 creatures vanquished

Table legend: (Time is in decaauts)
 A = Elapsed time spent in this place.
 B = Non-inter-level travel time spent in this place.
 C = Inter-level travel time spent in this place.
 D = Time resting spent in this place.
 E = Time spent auto-exploring this place.
 F = Levels seen in this place.
 G = Mean time per level.
                   A        B        C        D        E       F      G
               +--------+--------+--------+--------+--------+-----+--------+
         Total |   9194 |   8884 |    310 |   3586 |   3485 |   7 | 1313.4 |
       Dungeon |   9194 |   8884 |    310 |   3586 |   3485 |   7 | 1313.4 |
               +--------+--------+--------+--------+--------+-----+--------+

Top non-repeatable levels by time:
     D:7: 1645 daAuts
     D:5: 1502 daAuts
     D:6: 1401 daAuts
     D:2: 1300 daAuts
     D:3: 1215 daAuts
     D:1: 1114 daAuts
     D:4: 1015 daAuts

Table legend:
 A = Non-vault XP
 B = Vault XP
 C = Vault XP percentage of total XP
 D = Non-vault monster count
 E = Vault monster count
 F = Vault count percentage of total count
                 A         B        C        D         E       F
            +---------+---------+-------+---------+---------+-------
      Total |    4442 |    2710 |  37.9 |     134 |      26 |  16.2
            +---------+---------+-------+---------+---------+-------
        D:1 |      60 |       5 |   7.7 |      23 |       2 |   8.0
        D:2 |      68 |       0 |   0.0 |      20 |       0 |   0.0
        D:3 |      65 |       0 |   0.0 |      11 |       0 |   0.0
        D:4 |     180 |     130 |  41.9 |      15 |       8 |  34.8
        D:5 |    1273 |       0 |   0.0 |      23 |       0 |   0.0
        D:6 |    1892 |       0 |   0.0 |      26 |       0 |   0.0
        D:7 |     904 |    2575 |  74.0 |      16 |      16 |  50.0
            +---------+---------+-------+---------+---------+-------
